 Dungeon Crawl Stone Soup version 0.30-a0-223-gcb0039aa0c (webtiles) character file.

Game seed: 6712922408307398868

73 qw the Chopper (level 4, -3/28 HPs)
             Began as a Gargoyle Fighter on Oct 9, 2022.
             Slain by an orc priest
             ... wielding a +0 flail
              (8 damage)
             ... on level 3 of the Dungeon.
             The game lasted 00:00:43 (1755 turns).

qw the Chopper (Gargoyle Fighter)                   Turns: 1755, Time: 00:00:44

Health: -3/28      AC: 10    Str: 20 (22) XL:     4   Next: 27%
Magic:  4/4        EV:  9    Int:  7 (8)  God:
Gold:   92         SH:  4    Dex:  6 (9)  Spells: 3/3 levels left

rFire   . . .      SeeInvis .    Y - +1 war axe
rCold   . . .      Faith    .    c - +0 buckler
rNeg    + . .      Spirit   .    b - +0 scale mail
rPois   inf        Reflect  .    (no helmet)
rElec   +          Harm     .    (no cloak)
rCorr   .          Rampage  .    (no gloves)
Will    .....                    (no boots)
Stlth   ..........               (no amulet)
HPRegen 0.24/turn                (no ring)
MPRegen 0.09/turn                (no ring)

@: no status effects
A: sickness immunity, AC +3, negative energy resistance 1, electricity
resistance, torment resistance 1, petrification resistance
a: no special abilities


You were on level 3 of the Dungeon.
You visited 1 branch of the dungeon, and saw 3 of its levels.

You collected 222 gold pieces.
You spent 130 gold pieces at shops.


Innate Abilities, Weirdness & Mutations

You are immune to sickness and miasma.
Your stone body is resilient. (AC +3)
You are immune to poison.
You resist negative energy. (rN+)
You are resistant to electric shocks. (rElec)
You are resistant to unholy torment.
You are immune to petrification.


   Skills:
 - Level 3.2 Fighting
 + Level 4.0 Axes
 - Level 3.2 Armour
 - Level 3.2 Shields


You had 3 spell levels left.
You didn't know any spells.
Your spell library was empty.

Inventory:

Hand Weapons
 g - a +0 mace of protection
 Y - a +1 war axe (weapon)
Armour
 b - a +0 scale mail (worn)
 c - a +0 buckler (worn)
Scrolls
 e - a scroll of identify
Potions
 a - a potion of curing {unknown}
 d - a potion of might
 f - a potion of ambrosia {unknown}
 k - 2 potions of attraction

Dungeon Overview and Level Annotations

Branches:
Dungeon (3/15)

Altars:
Cheibriados

Shops:
D:1 [(:!


Message History

You hit the orc priest but do no damage.
The orc priest is lightly wounded.
The orc priest hits you with a +0 flail.
The orc priest hits you but does no damage.
You barely miss the orc priest.
The orc priest is lightly wounded.
The orc priest mumbles some strange prayers to Beogh against you.
You barely resist. You closely miss the orc priest.
The orc priest is lightly wounded.
You block the orc priest's attack.
You closely miss the orc priest.
The orc priest is lightly wounded.
The orc priest hits you but does no damage. x2
You hit the orc priest.
The orc priest is lightly wounded.
The orc priest looks braver for a moment.
You barely miss the orc priest.
The orc priest is lightly wounded.
The orc priest hits you but does no damage.
You hit the orc priest.
The orc priest is moderately wounded.
The orc priest invokes the aid of Beogh against you.
You are unaffected.
The orc priest hits you but does no damage.
You barely miss the orc priest.
The orc priest is moderately wounded.
The orc priest invokes the aid of Beogh against you.
Beogh smites you!
You slash the orc priest!
The orc priest is almost dead.
You block the orc priest's attack.
You barely miss the orc priest.
The orc priest is almost dead.
The orc priest hits you with a +0 flail.
The orc priest barely misses you.
You barely miss the orc priest.
The orc priest is almost dead.
The orc priest hits you with a +0 flail!
You die...

...+.~~~##.# #.#
#.. .?.#~~~~~#.#
#.# #..
...)~~.~~..# #.#
#..
....~~~~~..########
##'
#...~~~...........
#.
#........#########
#.
#....%...########
#.
######'###g......
## #..@oo...... .
#####o...... ##
....... .......
....... . ##.#... .
.#... .# o.


You could see an orc priest, 2 orcs and a goblin.

Vanquished Creatures
  2 adders (D:2)
  3 dart slugs
  2 ball pythons
  7 bats
  2 endoplasms (D:2)
  2 giant cockroaches
  2 goblins
  4 hobgoblins
  8 jackals (D:2)
  2 quokkas
  A frilled lizard (D:2)
  3 kobolds
  6 rats
44 creatures vanquished.

Notes
Turn   | Place    | Note
-------+----------+-------------------------------------------
     0 | D:1      | qw the Gargoyle Fighter began the quest for the Orb.
     0 | D:1      | Reached XP level 1. HP: 14/14 MP: 1/1
     0 | D:1      | 0 ||| qw: Version: 0.2-a-17-g06abaee
     0 | D:1      | 0 ||| qw: Game counter: 2221
     0 | D:1      | 0 ||| qw: Always use a shield: true
     0 | D:1      | 0 ||| qw: God list: Okawaru
     0 | D:1      | 0 ||| qw: Allow faded altars: false
     0 | D:1      | 0 ||| qw: Do Orc after D:15 true
     0 | D:1      | 0 ||| qw: Do second Lair branch before Depths: true
     0 | D:1      | 0 ||| qw: Lair rune preference: random
     0 | D:1      | 0 ||| qw: Plans: Normal, Zot:1-4, God:TSO, Crypt, Tomb,
                  | Pan, Slime:5, Hells, Abyss, Orb
     0 | D:1      | 0 ||| PLANNING D:1-11
    65 | D:1      | Reached skill level 2 in Axes
    67 | D:1      | Found a faded altar of an unknown god.
    87 | D:1      | Found Hibbam's Antique Weapon Boutique.
   104 | D:1      | 104 ||| BUYING club (20 gold).
   104 | D:1      | Bought a club for 20 gold pieces
   104 | D:1      | 104 ||| BUYING whip (50 gold).
   104 | D:1      | Bought a whip for 50 gold pieces
   104 | D:1      | 104 ||| DROPPING +0 club.
   118 | D:1      | Found Unaeh's Book Boutique.
   127 | D:1      | Reached XP level 2. HP: 19/19 MP: 2/2
   127 | D:1      | Found Meudym's Armour Emporium.
   143 | D:1      | 143 ||| SHOPLISTING +0 helmet (63 gold, have 55).
   143 | D:1      | 143 ||| SHOPLISTING +0 pair of boots (63 gold, have 55).
   143 | D:1      | 143 ||| SHOPLISTING +0 tower shield of protection (161
                  | gold, have 55).
   175 | D:1      | 175 ||| DROPPING +0 whip.
   540 | D:1      | Found Fupaxzou's Distillery.
   547 | D:1      | 547 ||| SHOPLISTING 2 potions of heal wounds (100 gold,
                  | have 63).
   547 | D:1      | 547 ||| BUYING potion of attraction (30 gold).
   547 | D:1      | Bought a potion of attraction for 30 gold pieces
   547 | D:1      | 547 ||| BUYING potion of attraction (30 gold).
   547 | D:1      | Bought a potion of attraction for 30 gold pieces
   547 | D:1      | 547 ||| SHOPLISTING potion of curing (30 gold, have 3).
   547 | D:1      | 547 ||| SHOPLISTING potion of haste (100 gold, have 3).
   547 | D:1      | 547 ||| SHOPLISTING potion of lignification (30 gold, have
                  | 3).
   547 | D:1      | 547 ||| READING scroll labelled IMA JETAMESCH.
   548 | D:1      | 548 ||| READING scroll labelled WICZUARCHITS.
   560 | D:1      | 560 ||| READING scroll labelled NAENIM BEZ HUR.
   561 | D:1      | 561 ||| READING scroll labelled WOUG EKHOYR POSA.
   687 | D:2      | Reached skill level 3 in Axes
   694 | D:2      | Reached XP level 3. HP: 22/23 MP: 3/3
   816 | D:2      | 816 ||| Stepping ~*~*~tactically~*~*~ (stealth).
   874 | D:2      | 874 ||| Stepping ~*~*~tactically~*~*~ (stealth).
  1098 | D:2      | Reached XP level 4. HP: 28/28 MP: 4/4
  1399 | D:2      | 1399 ||| READING scroll labelled TITUIH SYAD.
  1400 | D:2      | 1400 ||| READING scroll labelled CASEJ LOS VOHI.
  1401 | D:2      | 1401 ||| READING scroll labelled SAGETY PIESU.
  1402 | D:2      | 1402 ||| READING scroll labelled LEG TESHATZ.
  1403 | D:2      | 1403 ||| DRINKING 2 bubbling dark potions.
  1404 | D:2      | 1404 ||| READING 2 scrolls of identify.
  1404 | D:2      | 1404 ||| IDENTIFYING brown potion
  1405 | D:2      | 1405 ||| DROPPING potion of flight.
  1406 | D:2      | 1406 ||| DROPPING potion of degeneration.
  1432 | D:3      | 1432 ||| STAIRDANCE
  1554 | D:3      | Reached skill level 4 in Axes
  1595 | D:3      | Found a snail-covered altar of Cheibriados.
  1596 | D:3      | 1596 ||| Stepping ~*~*~tactically~*~*~ (hiding).
  1735 | D:3      | 1735 ||| Stepping ~*~*~tactically~*~*~ (hiding).
  1736 | D:3      | 1736 ||| Stepping ~*~*~tactically~*~*~ (hiding).
  1739 | D:3      | 1739 ||| Stepping ~*~*~tactically~*~*~ (hiding).
  1752 | D:3      | HP: 6/28 [orc priest/divine providence (11)]
  1755 | D:3      | Slain by an orc priest

Levels and vault maps discovered:
D:1:      minmay_arrival_checkered_box, layout_rooms, serial_shops,
          nicolae_shop_stone, shop, shop_coins, nicolae_shop_advertising_works
          [nicolae_subvault_shop_adworks], basic_ecumenical_altar
D:2:      layout_loops_corners, minmay_tromino_i2
D:3:      layout_basic, kennysheep_slug_shrine

Skill      XL: |  1  2  3  4 |
---------------+-------------+-----
Axes           | 2 3 4 |  4.0
Fighting       | |  3.2
Armour         | |  3.2
Shields        | |  3.2

Action                   |  1- 3 |  4- 6 || total
-------------------------+-------+-------++-------
Melee: War axe           |    97 |    42 ||   139
  Use: Scroll            |     4 |     5 ||     9
       Potion            |       |     1 ||     1
Armor: Scale mail        |    38 |    16 ||    54
Dodge: Dodged            |    54 |    12 ||    66
Block: Buckler           |    27 |     6 ||    33

Table legend:
 A = Non-vault XP
 B = Vault XP
 C = Vault XP percentage of total XP
 D = Non-vault monster count
 E = Vault monster count
 F = Vault count percentage of total count
                 A         B        C        D         E       F
            +---------+---------+-------+---------+---------+-------
      Total |     100 |       5 |   4.8 |      42 |       2 |   4.5
            +---------+---------+-------+---------+---------+-------
        D:1 |      24 |       0 |   0.0 |      11 |       0 |   0.0
        D:2 |      68 |       1 |   1.4 |      25 |       1 |   3.8
        D:3 |       8 |       4 |  33.3 |       6 |       1 |  14.3
            +---------+---------+-------+---------+---------+-------
